 Dungeon Crawl Stone Soup version 0.19.5 (webtiles) character file.

1892 Rrauwl the Grappler (level 8, -2/112 HPs)
             Began as a Troll Berserker on Mar 14, 2017.
             Was an Elder of Trog.
             Killed from afar by Chaositek's ghost (23 damage)
             ... with a spray of energy
             ... on level 6 of the Dungeon.
             The game lasted 00:20:41 (4095 turns).

Rrauwl the Grappler (Troll Berserker)               Turns: 4095, Time: 00:20:42

Health: -2/112     AC:  7    Str: 31    XL:     8   Next: 93%
Magic:  7/7        EV: 10    Int:  4    God:    Trog [****..]
Gold:   358        SH:  0    Dex: 10    Spells: 0 memorised, 7 levels left

rFire  . . .     SeeInvis .       - Unarmed
rCold  . . .     Gourm    +     a - +1 animal skin
rNeg   . . .     Faith    .     (no shield)
rPois  .         Spirit   .     (helmet restricted)
rElec  .         Reflect  .     w - +0 cloak
rCorr  .         Harm     .     (gloves unavailable)
MR     .....                    (boots unavailable)
Stlth  ..........               (no amulet)
                                (no ring)
                                (no ring)

@: berserking (expiring), very quick
A: unfitting armour, claws 3, fast metabolism 3, gourmand, regeneration 1,
shaggy fur 1, tough skin 2
a: Berserk, Trog's Hand, Brothers in Arms, Burn Spellbooks, Renounce Religion


You were on level 6 of the Dungeon.
You worshipped Trog.
Trog was greatly pleased with you.
You were full.

You visited 1 branch of the dungeon, and saw 6 of its levels.
You also visited: Sewer.

You collected 358 gold pieces.

Inventory:

Hand Weapons
 i - a +0 giant spiked club
 n - a +3 whip
Armour
 a - a +1 animal skin (worn)
 w - a +0 cloak (worn)
Wands
 q - a wand of heal wounds (5/9)
 v - a wand of digging (5/24)
Scrolls
 c - a scroll of fog
 d - a scroll of amnesia
 m - a scroll of enchant armour
 o - a scroll of remove curse
Potions
 e - a potion of cancellation
 f - 2 potions of cure mutation
 g - 3 potions of haste
 l - a potion of agility
 p - 2 potions of heal wounds
 t - a potion of curing
 x - 2 potions of flight
Books
 s - a book of Geomancy

   Spells                             Type                      Level
   a - Sandblast                      Earth                        1
   b - Passwall                       Transmutation/Earth          2
   c - Stone Arrow                    Conjuration/Earth            3
   d - Petrify                        Transmutation/Earth          4
   e - Lee's Rapid Deconstruction     Earth                        5
   Trog disapproves of the use of such an item.
Comestibles
 b - 6 bread rations
 h - 6 fruits
 j - a beef jerky
 k - 2 meat rations
 r - 2 chunks of flesh
 u - a slice of pizza


   Skills:
 - Level 3.0 Fighting
 + Level 4.2 Maces & Flails
 - Level 2.2 Throwing
 - Level 2.0 Armour
 - Level 3.0 Dodging
 + Level 9.7 Unarmed Combat


You had 7 spell levels left.
You didn't know any spells.

Dungeon Overview and Level Annotations

Branches:
Dungeon (6/15)
 Temple: D:4-7

Altars:
Cheibriados
Makhleb
Nemelex Xobeh
Xom

Shops:
D:6 %

Annotations:
D:6 Chaositek's ghost, novice DECj


Innate Abilities, Weirdness & Mutations

You are too large for most types of armour.
You have claws for hands.
Your metabolism is lightning-fast.
You like to eat raw meat.
Your natural rate of healing is unusually fast.
You are covered in fur. (AC +1)
You have very tough skin. (AC +2)


Message History

You mangle the orc!!
You kill the orc!
Trog accepts your kill. The ooze hits you but does no damage.
The orc hits you with a short sword.
* * * LOW HITPOINT WARNING * * *
You completely miss the orc. You mangle the orc!!
You kill the orc!
Trog accepts your kill. The ooze hits you but does no damage.
You eviscerate the ooze!!!
You kill the ooze!
Trog accepts your kill.
You claw Chaositek's ghost!
Chaositek's ghost is moderately damaged.
You claw Chaositek's ghost!
Chaositek's ghost is moderately damaged.
Chaositek's ghost casts a spell at you. The spray of energy hits you!
You die...

.#.⌠.#...###........##
♣.♣.♣.♣..#
#..#.##..###
........##
#..#.##..... ##### ..#
#............. .##
##..%##...#... # ##..#
...# ## #).# .....
%.....#W##..###
#####.#[@# #.#))#
J.#..# o .... ...#..
....... #...###.. ..#.
..


You could see Chaositek's ghost.

Vanquished Creatures
  Grinder (Sewer)
  Sigmund (D:5)
  5 ogres
  2 ice beasts
  An orc warrior (D:6)
  A centaur (D:5)
  2 big kobolds (Sewer)
  A howler monkey (D:5)
  A crimson imp (D:5)
  2 hounds (D:6)
  A quasit (Sewer)
  An orc priest (D:6)
  An orc wizard (D:4)
  4 worker ants
  6 big kobold zombies (Sewer)
  6 adders
  2 shadow imps (Sewer)
  3 ufetubi (Sewer)
  2 oozes
  An adder skeleton (D:5)
  3 worms (D:3)
  A dart slug (D:1)
  3 leopard geckos
  14 orcs
  A ball python (D:2)
  5 bats
  A bat zombie (Sewer)
  7 giant cockroaches
  11 goblins
  11 hobgoblins
  3 quokkas
  2 frilled lizards
  16 kobolds
  A kobold zombie (Sewer)
  8 rats
131 creatures vanquished.

Vanquished Creatures (others)
  A big kobold zombie (Sewer)
  A giant cockroach zombie (Sewer)
2 creatures vanquished.

Grand Total: 133 creatures vanquished

Notes
Turn   | Place    | Note
-------+----------+-------------------------------------------
     0 | D:1      | Rrauwl the Troll Berserker began the quest for the Orb.
     0 | D:1      | Reached XP level 1. HP: 22/22 MP: 0/0
    87 | D:1      | Reached XP level 2. HP: 28/29 MP: 1/1
   896 | D:2      | Reached XP level 3. HP: 30/36 MP: 2/2
  1145 | D:2      | Reached ** piety under Trog
  1245 | D:2      | Found a burning altar of Makhleb.
  1490 | D:3      | Found a glowing drain.
  1516 | Sewer    | Entered a sewer
  1533 | Sewer    | Reached XP level 4. HP: 45/45 MP: 3/3
  1608 | Sewer    | Reached skill level 1 in Armour
  1642 | Sewer    | Reached skill level 4 in Unarmed Combat
  1656 | Sewer    | Reached XP level 5. HP: 45/53 MP: 4/4
  1730 | Sewer    | Found a burning altar of Makhleb.
  1741 | Sewer    | Reached skill level 5 in Unarmed Combat
  1752 | Sewer    | Noticed Grinder
  1758 | Sewer    | Paralysed by Grinder for 5 turns
  1775 | Sewer    | Killed Grinder
  1775 | Sewer    | Reached skill level 6 in Unarmed Combat
  1775 | Sewer    | Reached XP level 6. HP: 40/61 MP: 5/5
  1828 | Sewer    | Reached *** piety under Trog
  1836 | Sewer    | Reached XP level 7. HP: 30/67 MP: 6/6
  1919 | Sewer    | Reached skill level 7 in Unarmed Combat
  2195 | D:3      | Found a snail-covered altar of Cheibriados.
  2585 | D:4      | Reached skill level 8 in Unarmed Combat
  2888 | D:4      | Reached skill level 1 in Throwing
  2964 | D:4      | Reached skill level 1 in Maces & Flails
  2964 | D:4      | Reached XP level 8. HP: 21/75 MP: 7/7
  3090 | D:4      | Found a shimmering altar of Xom.
  3095 | D:4      | Reached **** piety under Trog
  3338 | D:5      | Entered Level 5 of the Dungeon
  3352 | D:5      | Found a sparkling altar of Nemelex Xobeh.
  3395 | D:5      | Noticed Sigmund
  3413 | D:5      | Killed Sigmund
  3462 | D:5      | Reached skill level 9 in Unarmed Combat
  4013 | D:6      | Found Bodghyen's Food Boutique.
  4079 | D:6      | Noticed Chaositek's ghost (novice DECj)
  4095 | D:6      | Killed from afar by Chaositek's ghost

Skill      XL: |  1  2  3  4  5  6  7  8 |
---------------+-------------------------+-----
Dodging        | 3 |  3.0
Fighting       | 3 |  3.0
Armour         | 1 2 |  2.0
Unarmed Combat | 4 6 8 9 |  9.7
Throwing       | 1 2 |  2.2
Maces & Flails | 1 4 |  4.2

Action                   |  1- 3 |  4- 6 |  7- 9 || total
-------------------------+-------+-------+-------++-------
Melee: Unarmed           |   104 |   107 |   191 ||   402
       Punch             |     3 |       |     6 ||     9
Invok: Berserk           |       |     1 |     3 ||     4
  Use: Scroll            |       |       |    16 ||    16
       Potion            |       |       |     9 ||     9
 Stab: Sleeping          |       |       |     2 ||     2
  Eat: Chunk             |    20 |     2 |    22 ||    44
Armor: Animal skin       |    33 |    29 |    39 ||   101
Dodge: Dodged            |    44 |    44 |    69 ||   157
